 Dungeon Crawl Stone Soup version 0.31-a0-435-g2c6fae2916 (webtiles) character file.

Game seed: 4735560114562211904

27332 holysushi the Spry (level 13, 0/112 HPs)
             Began as a Minotaur Monk on Aug 2, 2023.
             Was a High Priest of Dithmenos.
             Slain by a reaper
             ... wielding a +0 scythe of freezing
              (22 damage)
             ... in an ice cave.
             The game lasted 00:32:37 (16341 turns).

holysushi the Spry (Minotaur Monk)                 Turns: 16341, Time: 00:32:37

Health: 0/112      AC:  6    Str: 21    XL:     13   Next: 3%
Magic:  12/12      EV: 21    Int:  7    God:    Dithmenos [*****.]
Gold:   722        SH:  0    Dex: 16    Spells: 12/12 levels left

rFire   . . .        a - +8 rapier "Ogecvek" {holy, Str+3}
rCold   + . .        (no shield)
rNeg    . . .        G - +0 robe {rC+}
rPois   .            (helmet currently unavailable)
rElec   .            o - melded scarf {repulsion}
rCorr   .            (gloves currently unavailable)
SInv    .            h - melded +0 pair of boots
Will    .....        l - amulet of magic regeneration
Stlth   ++++++       r - ring of wizardry
HPRegen 0.38/turn    p - +4 ring of protection
MPRegen 0.53/turn

%: wizardry (x1)
@: beast-form, hasted, wreathed by umbra, very quick
A: beast (slay +2), horns 2, retaliatory headbutt
a: Begin Untransformation, Renounce Religion, Shadow Step, Shadow Form


You were in an ice cave.
You worshipped Dithmenos.
Dithmenos was extremely pleased with you.
You were a hulking beast.
You visited 3 branches of the dungeon, and saw 16 of its levels.
You also visited: Ice Cave.

You collected 722 gold pieces.

Inventory:

Hand Weapons
 a - the +8 rapier "Ogecvek" (weapon) {holy, Str+3}
   (You acquired it on level 8 of the Dungeon)

   Str:       It affects your strength (+3).
 b - a +1 scimitar of flaming
Missiles
 H - a throwing net
Armour
 h - a +0 pair of boots (melded)
 i - a +3 chain mail
 o - a scarf of repulsion (melded)
 t - an orb of mayhem
 G - a +0 robe of cold resistance (worn)
Jewellery
 l - an amulet of magic regeneration (around neck)
 p - a +4 ring of protection (right hand)
 q - a ring of fire
 r - a ring of wizardry (left hand)
 A - a ring of fire
 F - a ring of fire
 J - a +6 ring of intelligence
 O - a ring of protection from fire
Talismans
 c - a beast talisman (active)
Wands
 x - a wand of mindburst (10)
 C - a wand of iceblast (10)
 E - a wand of polymorph (15)
 L - a wand of light (8)
Scrolls
 d - 2 scrolls of immolation
 e - a scroll of fog {unknown}
 f - 6 scrolls of teleportation
 g - 6 scrolls of amnesia
 j - a scroll of enchant weapon
 m - 2 scrolls of poison
 n - a scroll of noise
 s - a scroll of revelation
 w - 6 scrolls of identify
 y - a scroll of silence
 B - 2 scrolls of enchant armour
 D - a scroll of brand weapon
 N - 2 scrolls of torment {unknown}
Potions
 k - 6 potions of brilliance
 u - a potion of enlightenment
 v - a potion of resistance
 z - 2 potions of lignification
 I - a potion of haste
 K - 2 potions of curing
 M - a potion of mutation


   Skills:
 - Level 9.7 Fighting
 + Level 13.6 Short Blades
 + Level 16.0 Dodging
 + Level 6.7 Stealth
 + Level 3.5 Shapeshifting


You had 12 spell levels left.
You didn't know any spells.
Your spell library contained the following spells:

 Spells                   Type           Power      Damage    Failure   Level
 Magic Dart               Conj           0%         1d3       19%         1
 Summon Small Mammal      Summ           0%         N/A       19%         1
 Cigotuvi's Dreadful Rot  Necr/Pois/Air  0%         N/A       26%         2
 Scorch                   Fire           0%         2d5       26%         2
 Call Canine Familiar     Summ           0%         N/A       45%         3
 Hailstorm                Conj/Ice       0%         3d3       45%         3
 Ignite Poison            Fire/Tmut/Pois 0%         N/A       45%         3
 Summon Guardian Golem    Hex/Summ       0%         N/A       45%         3
 Flame Wave               Conj/Fire      0%         2d4       86%         4
 Iskenderun's Mystic Bla  Conj/Tloc      0%         2d3       86%         4
 Summon Ice Beast         Ice/Summ       0%         N/A       86%         4
 Freezing Cloud           Conj/Ice/Air   0%         6-21      99%         5
 Summon Mana Viper        Hex/Summ       0%         N/A       99%         5
 Summon Cactus Giant      Summ           0%         N/A       100%        6
 Monstrous Menagerie      Summ           0%         N/A       100%        7
 Chain Lightning          Conj/Air       0%         N/A       100%        9


Dungeon Overview and Level Annotations

Branches:
Dungeon (13/15) Zot: 26599  Temple (1/1) D:7 Zot: 5998    Lair (2/5) D:9 Zot: 9924
    Orc (0/2) D:11          IceCv (1/1) Zot: 5062
  Swamp: Lair:2-3    Shoals: Lair:2-3     Snake: Lair:2-3    Spider: Lair:2-3
 Vaults: D:13-14

Altars:
Ashenzari
Cheibriados
Dithmenos
Elyvilon
Fedhas
Gozag
Hepliaklqana
Kikubaaqudgha
Makhleb
Nemelex Xobeh
Okawaru
Qazlal
Ru
Sif Muna
Trog
Uskayaw
Vehumet
Wu Jian
Xom
Yredelemnul
Zin
The Shining One

Shops:
D:12 :

Annotations:
D:3 exclusion: downstairs
D:4 Menkaure
D:7 2 runed translucent doors, Midn8's ghost, novice DsCj
Lair:2 exclusion: oklob plant


Innate Abilities, Weirdness & Mutations

You are a hulking beast.
Your limbs bulge with bestial killing power. (Slay +2)
You have a pair of horns on your head.
You reflexively headbutt those who attack you in melee.


Message History

The ice devil hits you. The ice devil freezes you! You resist.
You closely miss the ice devil.
You headbutt the ice devil, but do no damage.
The ice devil is severely wounded.
The ice devil misses you. You furiously retaliate!
You headbutt the ice devil. You hit the ice devil.
The ice devil convulses.
You headbutt the ice devil.
You kill the ice devil!
Dithmenos accepts your kill.
No target in view!
You start resting.
HP restored.
There is an open door here.
There is an open door here.
There is an open door here.
There is an open door here.
There is an open door here.
You see here a +2 scale mail of cold resistance.
There is an open door here.
There is an open door here.
You open the door.
There is an open door here.
You open the door.
A reaper comes into view. It is wielding a +0 scythe of freezing.
Found five items.
The reaper hits you from afar with a +0 scythe of freezing!!!
You emit a cloud of dark smoke.
The reaper freezes you!
There is an open door, spattered with blood here.
The reaper hits you with a +0 scythe of freezing!!
The reaper freezes you. The reaper attacks as you move away!
The reaper hits you with a +0 scythe of freezing!
* * * LOW HITPOINT WARNING * * *
The reaper freezes you.
* * * LOW HITPOINT WARNING * * *
The reaper completely misses you.
There is an open door, spattered with blood here.
Okay, then.
You feel yourself speed up.
The reaper hits you from afar with a +0 scythe of freezing!!
You die...

#.#.#.#.#.#.##
#'#'#.#'#'#.8######
'.........#.......#
#.8.8.8.8.#.#####§#
..........#.#=§§#§##
..........'.#.§§§§§#
..........#.#[§§#2##
#.8.8.8.8.#.#####§#
'.........#.....h.#
#'#'#.#'#'#.8######
#.#.#.#.#.#.##
#####'#####.#
'.........'.#
#############


You could see a reaper.

Vanquished Creatures
  An ice dragon (D:13)
  Erica (D:8)
  A boulder beetle (D:11)
  3 two-headed ogres
  Nergalle (Lair:1)
  A fire crab (D:13)
  A skeletal warrior (D:13)
  A deep elf pyromancer (D:12)
  An ugly thing (D:8)
  A manticore (D:12)
  2 black mambas
  Joseph (D:9)
  A rust devil (D:10)
  A smoke demon (D:10)
  4 cane toads (Lair:1)
  2 ice statues (IceCv)
  A kobold demonologist (D:12)
  An anaconda simulacrum (IceCv)
  4 ice devils (IceCv)
  5 komodo dragons
  3 hellwings (D:10)
  2 hornets
  4 polar bears
  A merfolk (D:9)
  2 dire elephant simulacra (IceCv)
  20 yaks
  2 shadows
  A wraith (D:10)
  A wyvern (D:10)
  A basilisk (Lair:2)
  8 vampire mosquitoes (D:12)
  Edmund (D:5)
  2 nagas (Lair:2)
  5 harpy simulacra (IceCv)
  An acid dragon (D:11)
  2 hydra simulacra (IceCv)
  13 water moccasins
  6 orc warriors
  An ice beast (D:7)
  2 sky beasts (D:7)
  A black bear (D:9)
  An ogre (D:6)
  6 wolves
  5 centaurs
  3 kobold brigands
  A phantom (D:5)
  10 bullfrogs
  4 scorpions
  A cane toad simulacrum (IceCv)
  14 wights
  6 killer bees (D:9)
  An electric eel (D:6)
  An elephant simulacrum (IceCv)
  2 vampire bats (D:7)
  3 howler monkeys
  A lava snake (D:10)
  A jelly (D:4)
  2 orc priests
  A gnoll bouda (D:5)
  7 hounds
  Jessica (D:2)
  2 sleepcaps
  2 iguanas (D:5)
  Natasha (thrice) (D:4)
  9 orc wizards
  A troll simulacrum (IceCv)
  4 gnolls
  7 adders
  A shadow imp (D:8)
  4 white imps
  3 ufetubi
  2 worms
  A dart slug (D:4)
  32 orcs
  3 bats
  4 bat skeletons (D:7)
  A bat zombie (D:7)
  An endoplasm (D:2)
  2 giant cockroaches
  6 goblins
  3 hobgoblins
  10 jackals
  4 quokkas
  7 ball pythons
  2 frilled lizards (D:1)
  14 kobolds
  3 rats
315 creatures vanquished.

Notes
Turn   | Place    | Note
-------+----------+-------------------------------------------
     0 | D:1      | holysushi the Minotaur Monk began the quest for the Orb.
     0 | D:1      | Reached XP level 1. HP: 19/19 MP: 0/0
   590 | D:1      | Reached XP level 2. HP: 21/26 MP: 1/1
  1042 | D:2      | Reached XP level 3. HP: 30/31 MP: 2/2
  1205 | D:2      | Noticed Jessica
  1209 | D:2      | Killed Jessica
  1210 | D:2      | Reached skill level 5 in Short Blades
  1460 | D:3      | Reached XP level 4. HP: 27/39 MP: 3/3
  1696 | D:3      | Noticed a scorpion
  1711 | D:3      | Killed a scorpion
  1712 | D:3      | Reached XP level 5. HP: 27/45 MP: 4/4
  1810 | D:3      | Got Sif Muna's Guidebook on Blasting
  2545 | D:4      | Reached XP level 6. HP: 31/51 MP: 5/5
  2556 | D:4      | Noticed Menkaure
  2809 | D:4      | Noticed Natasha
  2824 | D:4      | Killed Natasha
  3093 | D:4      | Noticed Natasha
  3101 | D:4      | Killed Natasha
  3128 | D:4      | Noticed Natasha
  3141 | D:4      | Killed Natasha
  3654 | D:5      | Entered Level 5 of the Dungeon
  3745 | D:5      | Reached XP level 7. HP: 57/57 MP: 6/6
  3893 | D:5      | Reached skill level 10 in Short Blades
  3961 | D:5      | Reached skill level 4 in Dodging
  3992 | D:5      | Found a shadowy altar of Dithmenos.
  4034 | D:5      | Became a worshipper of Dithmenos the Shadowed
  4034 | D:5      | Reached * piety under Dithmenos
  4034 | D:5      | Reached ** piety under Dithmenos
  4347 | D:5      | Noticed Edmund
  4369 | D:5      | Killed Edmund
  4370 | D:5      | Reached skill level 5 in Dodging
  4370 | D:5      | Reached XP level 8. HP: 41/64 MP: 7/7
  4528 | D:6      | Reached skill level 6 in Dodging
  4668 | D:6      | Reached skill level 7 in Dodging
  4679 | D:6      | You fall into a shaft and drop 1 floor!
  4908 | D:7      | Reached skill level 8 in Dodging
  5018 | D:7      | Reached skill level 9 in Dodging
  5075 | D:7      | Found an ancient bone altar of Kikubaaqudgha.
  5184 | D:7      | Found a staircase to the Ecumenical Temple.
  5191 | Temple   | Entered the Ecumenical Temple
  5206 | D:7      | Reached XP level 9. HP: 63/70 MP: 8/8
  5532 | D:6      | Reached skill level 10 in Dodging
  5934 | D:6      | Found a radiant altar of Vehumet.
  6421 | D:7      | Found a large runed translucent door.
  6423 | D:7      | Found a large runed translucent door.
  6424 | D:7      | Noticed Midn8's ghost (novice DsCj)
  6605 | D:8      | Reached skill level 1 in Stealth
  6699 | D:8      | Reached *** piety under Dithmenos
  7205 | D:8      | Noticed Erica
  7250 | D:8      | Killed Erica
  7251 | D:8      | Reached skill level 5 in Fighting
  7251 | D:8      | Reached skill level 11 in Dodging
  7747 | D:9      | Reached XP level 10. HP: 62/83 MP: 9/9
  7915 | D:9      | Noticed a brown ugly thing
  8025 | D:8      | Killed a brown ugly thing
  8182 | D:8      | Identified a scroll of acquirement
  8185 | D:8      | Acquired the +8 rapier "Ogecvek" {holy, Str+3}
  8330 | D:9      | Found a staircase to the Lair.
  8338 | D:9      | Reached skill level 12 in Dodging
  8751 | D:9      | Reached skill level 5 in Stealth
  8755 | D:9      | Reached **** piety under Dithmenos
  8799 | D:9      | Noticed Joseph
  8810 | D:9      | Killed Joseph
  9222 | D:10     | Entered Level 10 of the Dungeon
  9511 | Lair:1   | Entered Level 1 of the Lair of Beasts
  9517 | Lair:1   | Noticed Nergalle
  9527 | Lair:1   | Killed Nergalle
  9528 | Lair:1   | Reached XP level 11. HP: 87/93 MP: 10/10
  9629 | Lair:1   | Reached skill level 13 in Dodging
 10886 | Lair:2   | Noticed an oklob plant
 10894 | Lair:2   | Noticed a six-headed hydra
 11290 | Lair:1   | Reached skill level 14 in Dodging
 11746 | Lair:2   | Noticed a skyshark
 11853 | D:10     | Noticed a two-headed ogre
 11975 | D:10     | Noticed a two-headed ogre
 11989 | D:10     | Killed a two-headed ogre
 12222 | D:10     | Reached ***** piety under Dithmenos
 12425 | D:10     | Reached skill level 15 in Dodging
 12425 | D:10     | Reached XP level 12. HP: 100/106 MP: 11/11
 12630 | D:10     | Killed a two-headed ogre
 12909 | D:10     | Found a bloodstained altar of Trog.
 12909 | D:10     | Found a faded altar of an unknown god.
 12917 | D:10     | Found a burning altar of Makhleb.
 12919 | D:10     | Found a snail-covered altar of Cheibriados.
 12920 | D:10     | Found a sparkling altar of Nemelex Xobeh.
 13198 | D:11     | Found a staircase to the Orcish Mines.
 13305 | D:11     | Noticed a boulder beetle
 13312 | D:11     | Killed a boulder beetle
 13313 | D:11     | Reached skill level 1 in Shapeshifting
 14021 | D:12     | Found Dofun's Book Emporium.
 14132 | D:12     | Noticed a two-headed ogre
 14134 | D:12     | Killed a two-headed ogre
 15013 | D:13     | Found a frozen archway.
 15015 | D:13     | Noticed an ice dragon
 15284 | D:13     | Killed an ice dragon
 15356 | IceCv    | Entered an ice cave
 15970 | IceCv    | Reached skill level 16 in Dodging
 16001 | IceCv    | Reached XP level 13. HP: 68/112 MP: 12/12
 16334 | IceCv    | Noticed a reaper
 16341 | IceCv    | Slain by a reaper

Illustrated notes

Levels and vault maps discovered:
D:1:      scummos_arrival_checkerplants, layout_basic
D:2:      layout_rooms, uniq_jessica
D:3:      layout_loops_cross, dk_noncrumbling_2
D:4:      layout_rooms, uniq_natasha, uniq_menkaure
D:5:      minmay_spotlight, layout_basic, nicolae_dithmenos_shadow_blocks,
          minmay_between, uniq_edmund
D:6:      layout_basic, nicolae_vehumet_altar_sigil, serial_bayou_lake_a
D:7:      layout_basic, kennysheep_vampire_church, temple_green,
          ebering_ghost_disaster_area
D:8:      layout_loops_cross, uniq_erica
D:9:      layout_gridville, due_lair_maze_entry_diamond, st_stairs_3,
          hangedman_fish_farm, uniq_joseph
D:10:     layout_loops_ring, chequers_temple_overflow_minitemple,
          nicolae_where_there's_smoke
D:11:     layout_gridville, david_orc_2, minivault_4
D:12:     layout_long_grid, serial_shops, nicolae_book_shop_shelving
D:13:     nicolae_cairo_tiling, layout_stronghold,
          portal_ice_cave_entry_animals_and_master, st_stairs_7
Temple:   regret_index_temple_generic_petals
Lair:1:   layout_long_grid, chequers_serial_rivers_small_a, serial_bayou_pond_b,
          infiniplex_staircase_pool_2, uniq_nergalle
Lair:2:   layout_misc_corridors, swamp_mist_pool,
          minmay_snake_entry_guardpost_medium, grunt_forest_small_clearing_treed
IceCv:    ice_cave_tombish

Skill      XL: |  1  2  3  4  5  6  7  8  9 10 11 12 |
---------------+-------------------------------------+-----
Short Blades   | 4 5 6 7 9 10 11 12 13 | 13.6
Dodging        | 5 9 11 12 15 16 | 16.0
Fighting       | 6 7 9 |  9.7
Stealth        | 3 5 6 |  6.7
Shapeshifting  | 3 |  3.5

Action                     |  1- 3 |  4- 6 |  7- 9 | 10-12 | 13-15 || total
---------------------------+-------+-------+-------+-------+-------++-------
  Melee: Short sword       |    88 |   121 |       |       |       ||   209
         Headbutt          |    11 |    39 |    87 |   182 |     9 ||   328
         Punch             |     2 |     1 |     4 |    14 |       ||    21
         Dagger            |       |    68 |   399 |    16 |       ||   483
         Rapier            |       |       |       |   668 |    15 ||   683
  Evoke: Wand              |       |       |       |     2 |       ||     2
    Use: Scroll            |       |    12 |       |    14 |       ||    26
         Potion            |       |     2 |     5 |     3 |     1 ||    11
   Stab: Sleeping          |     1 |       |       |    19 |     1 ||    21
 Armour: Robe              |     3 |       |       |    20 |     1 ||    24
         Chain mail        |    41 |    65 |   117 |   105 |       ||   328
         Skin              |       |       |     4 |       |       ||     4
  Dodge: Dodged            |    27 |    48 |   187 |   428 |     5 ||   695
         Repelled          |     1 |     1 |     4 |     4 |       ||    10
   Form: Beast             |       |       |       |     1 |       ||     1

Table legend: (Time is in decaauts)
 A = Elapsed time spent in this place.
 B = Non-inter-level travel time spent in this place.
 C = Inter-level travel time spent in this place.
 D = Time resting spent in this place.
 E = Time spent auto-exploring this place.
 F = Levels seen in this place.
 G = Mean time per level.
                   A        B        C        D        E       F      G
               +--------+--------+--------+--------+--------+-----+--------+
         Total |  15784 |  15099 |    685 |   4467 |   7167 |  17 |  928.5 |
       Dungeon |  12771 |  12161 |    610 |   2985 |   6475 |  13 |  982.4 |
        Temple |      1 |      1 |      0 |      0 |      0 |   1 |    1.0 |
          Lair |   2075 |   2000 |     75 |    852 |    643 |   2 | 1037.5 |
      Ice Cave |    936 |    936 |      0 |    630 |     49 |   1 |  936.0 |
               +--------+--------+--------+--------+--------+-----+--------+

Top non-repeatable levels by time:
  Lair:1: 1826 daAuts
     D:8: 1592 daAuts
     D:3: 1445 daAuts
     D:9: 1425 daAuts
    D:10: 1255 daAuts
     D:6: 1242 daAuts
    D:12: 1050 daAuts
   IceCv: 936 daAuts
    D:11: 860 daAuts
     D:1: 825 daAuts
     D:5: 779 daAuts
     D:4: 766 daAuts
     D:7: 735 daAuts
     D:2: 526 daAuts
    D:13: 265 daAuts
